 Dungeon Crawl Stone Soup version 0.27.0-1-g7a089689b8 (webtiles) character file.

Game seed: 12278063292761359476

47 thirtiethelement the Skirmisher (level 3, -6/30 HPs)
             Began as a Demonspawn Abyssal Knight on Aug 11, 2021.
             Was a Follower of Lugonu.
             Killed from afar by Sigmund (8 damage)
             ... with a magic dart
             ... on level 3 of the Dungeon.
             The game lasted 00:03:01 (2391 turns).

thirtiethelement the Skirmisher (DsAK)              Turns: 2391, Time: 00:03:01

Health: -6/30      AC:  7    Str: 13    XL:     3   Next: 48%
Magic:  4/4        EV: 11    Int: 13    God:    Lugonu [*.....]
Gold:   108        SH:  0    Dex: 12    Spells: 2/2 levels left

rFire    . . .     SeeInvis .   a - +1 falchion
rCold    . . .     Faith    .   (no shield)
rNeg     . . .     Spirit   .   b - +0 leather armour
rPois    .         Reflect  .   (no helmet)
rElec    .         Harm     .   k - +2 cloak {Stlth+}
rCorr    +         Rampage  .   (no gloves)
Will     .....                  (no boots)
Stlth    ++........             (no amulet)
HPRegen  0.10/turn              f - ring of resist corrosion
MPRegen  0.09/turn              (no ring)

@: hasted, very quick
A: claws 1, rugged brown scales 1
a: Renounce Religion, Depart the Abyss


You were on level 3 of the Dungeon.
You worshipped Lugonu.
Lugonu was aware of your devotion.
You visited 1 branch of the dungeon, and saw 3 of its levels.
You visited the Abyss 1 time.

You collected 108 gold pieces.

Inventory:

Hand Weapons
 a - a +1 falchion (weapon)
Armour
 b - a +0 leather armour (worn)
 k - a +2 cloak of stealth (worn)
Magical Staves
 c - a staff of air
Jewellery
 f - a ring of resist corrosion (left claw)
Scrolls
 e - a scroll of amnesia
 g - a scroll of holy word {unknown}
 i - a scroll of enchant armour {unknown}
Potions
 h - a potion of brilliance
 j - 2 potions of haste


   Skills:
 + Level 3.9 Fighting
 + Level 2.2 Long Blades
 + Level 2.0 Armour
 + Level 0.8 Dodging
 + Level 0.1 Stealth
 + Level 2.6 Invocations


You had 2 spell levels left.
You didn't know any spells.
Your spell library was empty.

Dungeon Overview and Level Annotations

Branches:
Dungeon (3/15)

Altars:

Annotations:
D:3 Sigmund


Innate Abilities, Weirdness & Mutations

You have sharp fingernails.
You are partially covered in rugged brown scales. (AC +1, +3% HP)


Message History

Sigmund barely misses you.
You closely miss Sigmund.
Sigmund is heavily wounded.
Sigmund hits you with a +0 scythe.
You closely miss Sigmund.
Sigmund is heavily wounded.
You closely miss Sigmund.
Sigmund is heavily wounded.
Sigmund gestures at you while chanting.
You are confused.
You bump into the rock wall.
Sigmund gestures at you while chanting. The magic dart hits you.
You closely miss Sigmund.
Sigmund is moderately wounded.
Sigmund gestures wildly while chanting.
Sigmund flickers and vanishes!
Deactivating autopickup; reactivate with Ctrl-A.
You bump into the rock wall.
You're too confused to move!
Something hits you but does no damage. Something hits you but does no damage.
Something hits you.
You bump into the rock wall.
You miss something.
You hear some strange, mumbled words.
A magic dart appears from out of thin air!
The magic dart hits you.
You completely miss something. Something hits you.
You closely miss something.
You feel less confused. Something hits you!
* * * LOW HITPOINT WARNING * * *
You hit something. You closely miss something. Something hits you!
* * * LOW HITPOINT WARNING * * *
You miss something.
You hear some strange, mumbled words.
A magic dart appears from out of thin air!
The magic dart hits you!
You die...

#.# #.#
#.# #.#
#.#
#.#####.#
##.......#
.......@{#
########.#
#.# #<#
#.# #.#
#.# #.#
#.#


There were no monsters in sight!

Vanquished Creatures
  2 dart slugs (D:1)
  3 ball pythons
  5 endoplasms
  2 giant cockroaches
  2 goblins (D:1)
  2 hobgoblins (D:1)
  6 jackals
  4 kobolds
  A quokka (D:2)
  4 bats
  3 frilled lizards
  6 rats
40 creatures vanquished.

Vanquished Creatures (others)
  A plant (D:1)
1 creature vanquished.

Grand Total: 41 creatures vanquished

Notes
Turn   | Place    | Note
-------+----------+-------------------------------------------
     0 | Abyss:1  | thirtiethelement the Demonspawn Abyssal Knight began the
                  | quest for the Orb.
     0 | Abyss:1  | Reached XP level 1. HP: 18/18 MP: 2/2
    27 | Abyss:3  | Found a corrupted altar of Lugonu.
    36 | Abyss:3  | Noticed a ynoxinul
    53 | Abyss:3  | Noticed a raiju
    54 | Abyss:3  | Noticed a raiju
    54 | Abyss:3  | Noticed a raiju
    55 | D:1      | Escaped the Abyss
   161 | D:1      | Gained mutation: You have sharp fingernails. [demonic
                  | ancestry]
   161 | D:1      | Reached XP level 2. HP: 15/24 MP: 3/3
   387 | D:1      | Reached * piety under Lugonu
   772 | D:1      | Gained mutation: You are partially covered in rugged brown
                  | scales. (AC +1, +3% HP) [demonic ancestry]
   772 | D:1      | Reached XP level 3. HP: 25/30 MP: 4/4
  2129 | D:2      | Found a faded altar of an unknown god.
  2358 | D:3      | Noticed Sigmund
  2391 | D:3      | Killed from afar by Sigmund

Illustrated notes

Levels and vault maps discovered:
D:1:      nicolae_arrival_washed_ashore, layout_basic, minivault_4,
          minmay_stone_trees_medium, skrybe_limestone_x, serial_bayou_ford_a,
          wad_floor_pattern_untrapped, ebering_dispersal_statue_hall
D:2:      layout_basic, chequers_ecumenical_altar_lobes
D:3:      layout_loops_ring, lemuel_crystal_altar,
          mainiacjoe_overflow_divided_tiny, uniq_robin, uniq_sigmund

Skill      XL: |  1  2  3 |
---------------+----------+-----
Long Blades    | 2 |  2.2
Armour         | 2 |  2.0
Fighting       | |  3.9
Dodging        | |  0.8
Stealth        | |  0.1
Invocations    | |  2.6

Action                   || total
-------------------------++-------
Melee: Falchion          ||   100
Invok: Depart the Abyss  ||     1
  Use: Scroll            ||     3
       Potion            ||     1
 Stab: Sleeping          ||     2
Armor: Leather armour    ||    46
Dodge: Dodged            ||    69
       Rpst.: Falchion   ||    27
